 Dungeon Crawl Stone Soup version 0.31.0-32-g396128a36d (webtiles) character file.

Game seed: 4066695885731532899

451 booth the Cudgeller (level 7, 0/44 HPs)
             Began as a Gargoyle Monk on Mar 17, 2024.
             Slain by Crazy Yiuf
             ... wielding a +4 quarterstaff of chaos
              (11 damage)
             ... on level 3 of the Dungeon.
             The game lasted 00:14:18 (2786 turns).

booth the Cudgeller (Gargoyle Monk)                 Turns: 2786, Time: 00:14:19

Health: 0/44       AC:  7    Str: 16      XL:     7   Next: 4%
Magic:  4/7        EV: 12    Int: 11      God:
Gold:   108        SH:  0    Dex: 10 (12) Spells: 6/6 levels left

rFire   . . .        a - +0 mace
rCold   . . .        d - orb {light}
rNeg    + . .        k - +0 leather armour
rPois   ∞            (no helmet)
rElec   +            (no cloak)
rCorr   .            (no gloves)
SInv    .            (no boots)
Will    .....        (no amulet) Stlth
                     (no ring)
HPRegen 0.27/turn    (no ring)
MPRegen 0.10/turn

%: no passive effects
@: silenced, attractive, hasted, glowing, very quick
A: sickness immunity, AC +4, negative energy resistance 1, electricity
resistance, torment resistance 1, petrification resistance
a: no special abilities


You were on level 3 of the Dungeon.
You visited 1 branch of the dungeon, and saw 3 of its levels.

You collected 108 gold pieces.

Inventory:

Hand Weapons
 a - a +0 mace (weapon)
Armour
 b - a +0 ring mail
 d - an orb of light (worn)
 k - a +0 leather armour (worn)
 p - the +1 chain mail of Momisegobo {Str-5 Slay+5}
   (You found it on level 3 of the Dungeon)

   Str-5:     It affects your strength (-5).
   Slay+5:    It affects your accuracy & damage with ranged weapons and melee
   (+5).
Jewellery
 f - a ring of fire
Scrolls
 g - 4 scrolls of fog
 j - 3 scrolls of teleportation
 m - a scroll of amnesia {unknown}
 n - a scroll of fear {unknown}
 q - a scroll of enchant armour {unknown}
 s - a scroll of brand weapon {unknown}
 u - a scroll of enchant weapon {unknown}
Potions
 c - a potion of mutation {unknown}
 e - 4 potions of curing
 h - a potion of magic
 i - a potion of lignification {unknown}
 l - a potion of heal wounds {unknown}
 o - a potion of might {unknown}
 r - a potion of attraction


   Skills:
 + Level 5.0 Fighting
 * Level 5.8 Maces & Flails
 + Level 3.7 Dodging


You had 6 spell levels left.
You didn't know any spells.
Your spell library was empty.

Dungeon Overview and Level Annotations

Branches:
Dungeon (3/15)

Altars:
Vehumet

Annotations:
D:3 Crazy Yiuf


Innate Abilities, Weirdness & Mutations

You are immune to sickness and miasma.
Your stone body is resilient. (AC +4)
You are immune to poison.
You resist negative energy. (rN+)
You are resistant to electric shocks. (rElec)
You are resistant to unholy torment.
You are immune to petrification.


Message History

You sock the ball python!
You kill the ball python!
Found a trident.
v - a scroll labelled IGULLA GOIDGH You see here a +0 trident.
You see here a +0 trident.
There is an escape hatch in the floor here.
It was a potion of attraction.
You feel attractive to monsters.
Crazy Yiuf cries, "You leg down broken song, no?"
Okay, then.
As you read the scroll labelled IGULLA GOIDGH, it crumbles to dust.
A profound silence engulfs you.
It was a scroll of silence.
You open the door. You barely miss Crazy Yiuf.
Crazy Yiuf hits you with a +4 quarterstaff of chaos!
You feel your power leaking away.
You hit Crazy Yiuf but do no damage.
Crazy Yiuf hits you with a +4 quarterstaff of chaos!
Crazy Yiuf burns you.
You hit Crazy Yiuf but do no damage.
Crazy Yiuf hits you with a +4 quarterstaff of chaos!
* * * LOW HITPOINT WARNING * * *
You feel yourself speed up.
You feel better. Crazy Yiuf closely misses you.
It was a potion of haste.
You feel as though your hastened speed will last longer.
Crazy Yiuf hits you with a +4 quarterstaff of chaos.
* * * LOW HITPOINT WARNING * * *
Crazy Yiuf freezes you.
* * * LOW HITPOINT WARNING * * *
You hit Crazy Yiuf.
Crazy Yiuf is lightly wounded.
You hit Crazy Yiuf.
Crazy Yiuf is moderately wounded.
Crazy Yiuf barely misses you.
You sock Crazy Yiuf!
Crazy Yiuf is severely wounded.
Crazy Yiuf hits you with a +4 quarterstaff of chaos!
You die...

#########...........##...#
....................####.##
..........########### #..#
..>......## ##.# .........#
#.## .........# #..#
.........# ### ♣♣###.#
#........# #)..#♣♣ ♣♣P#...#
#........#
#...g@♣♣♣♣.P....#
#........#
#...#♣..♣.PP...##
##.####### ### ♣♣♣.♣..#.##
#..# ♣♣♣♣♣### ..## ###


You could see Crazy Yiuf.

Vanquished Creatures
  Grinder (D:3)
  A scorpion (D:3)
  Terence (D:3)
  Natasha (thrice) (D:2)
  An orc wizard (D:2)
  An adder (D:2)
  2 dart slugs (D:1)
  4 orcs
  12 endoplasms
  2 giant cockroaches (D:1)
  7 goblins
  3 hobgoblins
  A quokka (D:1)
  8 ball pythons
  6 bats
  4 frilled lizards
  6 kobolds
  6 rats
69 creatures vanquished.

Notes
Turn   | Place    | Note
-------+----------+-------------------------------------------
     0 | D:1      | booth the Gargoyle Monk began the quest for the Orb.
     0 | D:1      | Reached XP level 1. HP: 14/14 MP: 1/1
   181 | D:1      | Reached XP level 2. HP: 18/19 MP: 2/2
   393 | D:1      | Reached XP level 3. HP: 21/23 MP: 3/3
   836 | D:2      | Reached XP level 4. HP: 6/29 MP: 4/4
  1060 | D:2      | Noticed Natasha
  1078 | D:2      | Killed Natasha
  1127 | D:2      | Noticed Natasha
  1164 | D:2      | Killed Natasha
  1165 | D:2      | Reached XP level 5. HP: 33/33 MP: 5/5
  1604 | D:2      | Noticed Natasha
  1620 | D:2      | Killed Natasha
  1991 | D:3      | Found a runed translucent door.
  1992 | D:3      | Noticed Crazy Yiuf
  2041 | D:3      | Identified the +1 chain mail of Momisegobo {Str-5 Slay+5}
  2114 | D:3      | Noticed Grinder
  2124 | D:3      | Noticed Terence
  2137 | D:3      | Killed Terence
  2142 | D:3      | Reached skill level 5 in Maces & Flails
  2142 | D:3      | Reached XP level 6. HP: 39/39 MP: 6/6
  2271 | D:3      | Killed Grinder
  2272 | D:3      | Reached skill level 5 in Fighting
  2272 | D:3      | Reached XP level 7. HP: 44/44 MP: 7/7
  2474 | D:3      | Found a radiant altar of Vehumet.
  2786 | D:3      | Slain by Crazy Yiuf

Illustrated notes

Levels and vault maps discovered:
D:1:      matt_arrival_debris, layout_basic
D:2:      layout_basic, uniq_natasha
D:3:      layout_basic, mainiacjoe_overflow_alcove_1, serial_co_window_serial,
          co_window_paths_b, co_window_paths_b, co_window_corner_a,
          co_window_corner_a, co_window_corner_a, co_window_of_opportunity_c,
          co_window_of_opportunity_b, co_window_corner_cb,
          co_window_of_opportunity_b, co_window_corner_ca, co_window_4corner_b,
          glass_columns_a, uniq_grinder, uniq_crazy_yiuf_cottage, uniq_terence

Skill      XL: |  1  2  3  4  5  6 |
---------------+-------------------+-----
Maces & Flails | 4 5 |  5.8
Fighting       | 4 5 |  5.0
Dodging        | 3 |  3.7

Action                     |  1- 3 |  4- 6 |  7- 9 || total
---------------------------+-------+-------+-------++-------
  Melee: Mace              |    88 |    84 |    17 ||   189
    Use: Scroll            |     2 |     3 |     1 ||     6
         Potion            |       |     4 |     3 ||     7
 Armour: Robe              |    36 |     5 |       ||    41
         Leather armour    |       |    53 |    11 ||    64
  Dodge: Dodged            |    34 |    57 |     8 ||    99
